Map: Dreamcatcher LE

Players

LiquidTLO (TLO)

  • Race: Zerg Zerg
  • Spawn Location: 5:00

DeMusliM - Winner!

  • Race: Terran Terran
  • Spawn Location: 11:00

Event: WCS Valencia 2018

VOD

Have the link to the VOD?

Description

Time

  • Played on: July 12, 2018, 11:04 a.m.
  • Length: 11:11

All games in this series

Show
View Real Time Build Order
Export as new Build Order

LiquidTLO Zerg 

Build Orders: Pool First, Muta Ling Bane 

Get SALT Encoding   

  12  0:00  Drone  
  13  0:08  Drone  
  14  0:17  Overlord  
  14  0:35  Drone x2  
  16  0:41  Spawning Pool  
  15  0:43  Drone  
  15  0:47  Drone  
  17  1:04  Drone  
  18  1:12  Hatchery  
  18  1:18  Extractor  
  16  1:27  Zergling x2  
  16  1:28  Zergling x2  
  16  1:29  Zergling x2  
  19  1:33  Queen  
  19  1:39  Drone  
  22  1:53  Overlord  
  22  1:55  Extractor  
  22  2:01  Drone  
  23  2:17  Hatchery, Drone  
  23  2:23  Metabolic Boost  
  23  2:30  Drone  
  23  2:32  Drone  
  23  2:35  Drone  
  25  2:37  Drone  
  25  2:43  Drone  
  26  2:49  Queen  
  28  2:52  Drone  
  28  2:56  Drone  
  30  2:58  Drone  
  30  3:02  Drone x2  
  33  3:07  Overlord  
  33  3:11  Drone  
  33  3:17  Queen  
  35  3:27  Drone x2  
  36  3:28  Drone  
  36  3:30  Drone  
  36  3:31  Drone  
  36  3:33  Queen  
  42  3:38  Zergling x2  
  43  3:41  Queen  
  43  3:44  Drone  
  43  3:46  Drone  
  47  3:49  Overlord  
  47  3:51  Zergling x2  
  47  3:52  Zergling x2  
  49  3:57  Overlord  
  49  4:04  Overlord  
  49  4:05  Baneling Nest, Drone  
  49  4:06  Overlord  
  49  4:08  Drone  
  50  4:12  Drone  
  50  4:13  Overlord  
  50  4:15  Drone  
  52  4:18  Drone  
  52  4:19  Drone  
  52  4:20  Drone  
  52  4:21  Drone  
  56  4:25  Drone x2  
  56  4:26  Drone  
  56  4:28  Drone  
  56  4:29  Drone  
  61  4:32  Drone  
  61  4:33  Drone  
  61  4:34  Drone  
  61  4:36  Drone  
  61  4:38  Drone  
  66  4:39  Drone  
  66  4:43  Zergling x2  
  66  4:45  Spore Crawler  
  67  4:51  Hatchery  
  66  4:55  Extractor, Lair  
  66  4:56  Extractor  
  66  4:58  Extractor  
  63  5:00  Evolution Chamber, Drone  
  63  5:01  Drone  
  63  5:02  Drone  
  63  5:05  Drone  
  63  5:06  Drone  
  67  5:07  Drone  
  67  5:08  Drone x2  
  67  5:10  Drone  
  67  5:11  Baneling x2  
  67  5:12  Drone  
  67  5:14  Drone  
  73  5:15  Drone  
  73  5:19  Drone  
  73  5:20  Drone x2  
  77  5:21  Drone  
  77  5:22  Drone  
  77  5:24  Drone  
  77  5:27  Extractor  
  77  5:28  Zergling x2  
  80  5:29  Extractor  
  80  5:30  Zerg Ground Armor Level 1  
  80  5:32  Overlord  
  80  5:33  Evolution Chamber  
  80  5:34  Overlord  
  76  5:37  Overlord  
  76  5:40  Zergling x2  
  76  5:42  Overlord, Zergling x4  
  79  5:43  Zergling x4  
  79  5:46  Overlord  
  81  5:50  Zergling x2  
  81  5:53  Zergling x2  
  81  5:54  Centrifical Hooks  
  81  5:55  Zergling x2  
  84  5:59  Zergling x2  
  84  6:03  Zergling x2  
  86  6:06  Drone  
  86  6:07  Zerg Melee Weapons Level 1, Drone  
  86  6:08  Drone  
  89  6:12  Zergling x2  
  89  6:13  Zergling x4  
  89  6:17  Zergling x2, Spire  
  92  6:19  Zergling x2  
  92  6:23  Zergling x2  
  92  6:24  Zergling x4  
  92  6:25  Zergling x2, Hatchery  
  96  6:26  Zergling x2  
  96  6:29  Zergling x2  
  98  6:34  Baneling  
  98  6:35  Baneling x2  
  98  6:38  Zergling x16  
  107  6:40  Drone x2  
  107  6:41  Drone  
  109  6:50  Overlord x2  
  109  6:51  Drone x2  
  109  6:52  Overlord, Drone x2  
  113  7:00  Baneling  
  113  7:16  Baneling x2  
  113  7:20  Overlord  
  113  7:21  Zergling x2, Drone  
  113  7:22  Zergling x10  
  120  7:23  Drone  
  120  7:29  Overlord  
  121  7:30  Mutalisk x7  
  121  7:31  Mutalisk  
  121  7:34  Mutalisk x3, Zerg Flyer Weapons Level 1  
  143  7:38  Extractor, Zergling x4  
  143  7:42  Zergling x2  
  145  7:44  Zergling x4  
  145  7:46  Hatchery, Overseer  
  145  7:48  Zergling x2  
  145  7:49  Zergling x2  
  145  7:50  Zergling x2  
  145  7:51  Drone x3  
  151  7:53  Zergling x2  
  151  7:54  Zergling x2  
  151  7:55  Zergling x4, Mutalisk  
  151  7:56  Mutalisk  
  151  7:58  Mutalisk  
  162  8:01  Baneling  
  162  8:03  Zergling x2  
  162  8:04  Zergling x6  
  162  8:05  Zergling x2  
  167  8:08  Baneling x5  
  167  8:10  Zergling x2  
  167  8:12  Baneling x2  
  168  8:15  Spore Crawler  
  168  8:17  Zergling x2  
  168  8:23  Infestation Pit  
  159  8:27  Zergling x4  
  159  8:29  Mutalisk x2, Drone x3  
  159  8:31  Zergling x2  
  159  8:32  Mutalisk  
  169  8:34  Overlord  
  169  8:35  Zergling x2  
  169  8:36  Zergling x2  
  169  8:37  Baneling x4  
  169  8:38  Zergling x2  
  169  8:39  Zergling x2  
  169  8:40  Baneling x3  
  173  8:42  Overlord  
  173  8:47  Overlord  
  173  8:49  Baneling x2  
  173  8:54  Mutalisk  
  173  8:55  Mutalisk  
  170  9:00  Mutalisk  
  157  9:03  Zergling x20  
  157  9:09  Hive  
  166  9:10  Zergling x4  
  166  9:11  Zergling x2, Queen  
  166  9:12  Zergling x2  
  166  9:15  Baneling x4  
  166  9:16  Zergling x2  
  174  9:17  Zergling x4  
  174  9:18  Zergling x2  
  174  9:19  Zergling x2  
  174  9:22  Zergling x4  
  174  9:23  Zergling x2  
  180  9:27  Baneling x8  
  180  9:28  Baneling  
  179  9:33  Zergling x4  
  179  9:36  Zergling x2  
  179  9:37  Zergling x2  
  179  9:38  Zergling x4  
  164  9:43  Zergling x6  
  164  9:44  Zergling x16  
  152  9:46  Baneling  
  152  9:47  Baneling x9  
  152  9:50  Zergling x2  
  153  9:59  Zergling x4  
  126  10:02  Zergling x8  
  126  10:04  Zergling x2  
  126  10:05  Zergling x2  
  126  10:07  Zergling x4  
  126  10:08  Zergling x2  
  126  10:11  Zergling x2  
  126  10:12  Baneling x5  
  127  10:18  Baneling x9  
  127  10:19  Zergling x2  
  127  10:20  Zergling x2  
  129  10:22  Baneling  
  129  10:23  Zergling x2  
  129  10:24  Zergling x2  
  129  10:25  Zergling x2  
  129  10:26  Zergling x2  
  129  10:27  Zergling x2  
  122  10:35  Zergling x2  
  122  10:36  Zergling x4  
  122  10:39  Baneling x4  
  122  10:40  Zergling x10, Baneling  
  119  10:46  Zergling x10  
  119  10:47  Zergling x2  
  122  10:50  Zergling x2  
  122  10:53  Zergling x2  
Show
View Real Time Build Order
Export as new Build Order

DeMusliM Terran - Winner!

Build Orders: Reaper Expand, MMM Bio 

Get SALT Encoding   

  12  0:00  SCV  
  13  0:13  SCV  
  14  0:17  Supply Depot  
  14  0:25  SCV  
  15  0:39  SCV  
  15  0:41  Barracks  
  16  0:43  Refinery  
  16  0:51  SCV  
  17  1:03  SCV  
  18  1:15  SCV  
  19  1:29  Reaper, Orbital Command  
  20  1:39  Command Center  
  20  1:47  Supply Depot  
  20  1:54  SCV  
  20  2:01  Marine  
  22  2:07  Factory  
  23  2:08  SCV  
  23  2:20  SCV  
  24  2:24  Barracks Reactor  
  24  2:32  SCV  
  23  2:44  SCV  
  23  2:55  Command Center  
  23  2:56  SCV  
  24  2:58  Starport  
  24  3:09  SCV, Orbital Command  
  25  3:15  Hellion  
  25  3:19  Hellion  
  29  3:21  SCV  
  29  3:24  Refinery  
  29  3:25  Barracks Tech Lab  
  30  3:33  SCV  
  31  3:35  SCV  
  32  3:45  SCV  
  32  3:46  Factory Reactor  
  32  3:48  SCV  
  34  3:57  SCV  
  34  3:58  Banshee  
  34  4:00  SCV  
  39  4:04  Supply Depot  
  39  4:06  Barracks Tech Lab  
  39  4:07  Orbital Command  
  39  4:09  SCV  
  40  4:12  SCV, Barracks  
  41  4:21  SCV  
  42  4:24  Stimpack, SCV  
  42  4:29  Barracks  
  43  4:32  Marine  
  43  4:33  SCV  
  43  4:34  Supply Depot, SCV  
  43  4:36  SCV  
  47  4:43  Engineering Bay  
  47  4:45  SCV, Engineering Bay  
  47  4:48  SCV  
  47  4:51  SCV  
  50  4:53  Refinery  
  50  4:55  Refinery, Starport Reactor  
  50  4:57  SCV  
  50  4:58  Marine  
  50  4:59  Marine  
  53  5:00  Marine  
  53  5:03  SCV  
  53  5:04  Orbital Command  
  55  5:10  SCV, Terran Infantry Weapons Level 1  
  55  5:11  Terran Infantry Armor Level 1  
  56  5:15  SCV  
  56  5:18  Marine x2  
  56  5:19  Supply Depot  
  56  5:20  Marine x2  
  61  5:21  Marine  
  61  5:22  SCV  
  61  5:27  SCV  
  64  5:32  Medivac x2  
  64  5:34  SCV  
  64  5:35  SCV  
  70  5:36  Marine  
  70  5:40  SCV  
  72  5:45  Barracks x2  
  72  5:46  SCV  
  72  5:47  SCV  
  74  5:51  Armory  
  74  5:52  SCV  
  74  5:53  Marine  
  74  5:56  Supply Depot  
  76  5:58  SCV  
  76  5:59  SCV  
  78  6:04  Marine x2  
  78  6:06  Marine x2, Siege Tank  
  85  6:18  Supply Depot, SCV x3  
  88  6:19  Supply Depot  
  88  6:20  Supply Depot  
  88  6:21  Marine  
  88  6:25  Medivac x2  
  93  6:31  Combat Shields, Refinery  
  93  6:35  Barracks Reactor x2  
  93  6:39  Marine  
  93  6:40  SCV x3  
  93  6:42  Supply Depot, Marine x3  
  93  6:43  Supply Depot, Marine  
  101  6:49  Terran Vehicle And Ship Armor Level 1  
  101  6:52  SCV x3  
  104  6:57  Marine  
  104  7:00  Medivac, Marine x3  
  113  7:03  Marine  
  113  7:04  SCV x3  
  117  7:11  Supply Depot  
  117  7:12  Terran Infantry Weapons Level 2, Supply Depot  
  117  7:13  Marine x4  
  117  7:15  Marine  
  118  7:16  SCV  
  118  7:17  Marine  
  118  7:18  Marine  
  118  7:20  Terran Infantry Armor Level 2  
  118  7:21  Marine x2  
  118  7:22  Command Center  
  124  7:26  Supply Depot  
  124  7:31  Marine x2  
  124  7:34  Marine  
  124  7:35  Marine  
  124  7:36  Supply Depot  
  128  7:39  Supply Depot, Marine  
  128  7:42  Barracks  
  128  7:43  Barracks  
  129  7:47  Barracks  
  129  7:50  Concussive Shells  
  129  7:54  Marine x7, Marauder  
  138  7:59  Marine  
  138  8:01  Thor  
  138  8:02  Medivac  
  147  8:10  Missile Turret x2  
  147  8:11  Missile Turret  
  147  8:12  Marine x4  
  151  8:14  Marine x3  
  151  8:16  Marauder  
  156  8:24  Marine  
  156  8:30  Marine x4  
  156  8:31  Marine  
  156  8:32  Barracks Tech Lab x2, Marine x2  
  154  8:34  Medivac x2  
  154  8:37  Marauder  
  154  8:41  Missile Turret  
  160  8:42  Supply Depot x2, Marine  
  160  8:47  Marine  
  162  8:49  Marine  
  162  8:50  Marine  
  162  8:52  Marauder x2  
  165  8:57  Marine  
  165  8:58  Marine  
  165  8:59  Marauder  
  164  9:03  Marine  
  164  9:08  Supply Depot  
  164  9:09  Marine  
  166  9:10  Marine x2  
  166  9:13  Marauder x2  
  166  9:14  Planetary Fortress  
  166  9:16  Missile Turret  
  172  9:18  Missile Turret  
  172  9:30  Supply Depot  
  172  9:31  Supply Depot  
  172  9:32  Supply Depot  
  164  9:39  Marine, Marauder  
  164  9:41  Thor, Medivac  
  164  9:42  Medivac  
  164  9:45  Marine, Marauder  
  180  9:46  Barracks Tech Lab  
  180  9:47  Marine, Marauder  
  183  9:59  Marine x3  
  149  10:01  Marauder  
  149  10:03  Marine  
  154  10:07  Marauder  
  154  10:10  Marine  
  154  10:11  Medivac x2, Marauder  
  154  10:12  Marine  
  154  10:13  Marauder  
  157  10:15  Marine  
  157  10:18  Marine  
  157  10:19  Marine  
  160  10:22  Marauder  
  164  10:28  Marauder  
  153  10:38  Marine  
  153  10:39  Marauder  
  150  10:46  Marine x2, Marauder  
  150  10:48  Marine x5, Marauder  
  150  10:49  Marine  
Tags
 
Add a new tag
Caveats
  • Supply blocks, unpowered buildings, or Contaminate may cause inaccurate times.
  • Supply counts are checked every 10 seconds.